[ AOE2 MATCH · #493761956 ]
UnrankedDravidians vs Khitans
Player's team · LOSS
Rival team · WIN
[ REPLAY ANALYSIS · EXTRACTED FROM THE RECORDED GAME ]
Feudal
10:33
Castle
25:58
Imperial
48:09
| APM avg | 59.7 |
| APM peak | 88 |
| eAPM avg | 31.2 |
| Villagers / military | 195 / 181 |
Focus
⚔️ 34.1% · 🌾 65.9%
Spearman ×73 · Elephant Archer ×38 · Skirmisher ×22 · Militia ×20 · Archer ×12 · Scorpion ×7
Feudal
9:05
Castle
25:04
Imperial
40:14
| APM avg | 62.7 |
| APM peak | 111 |
| eAPM avg | 26.0 |
| Villagers / military | 143 / 278 |
Focus
⚔️ 45.3% · 🌾 54.7%
Scout Cavalry ×120 · Skirmisher ×80 · Camel Scout ×42 · Cavalry Archer ×23 · Trebuchet (Packed) ×5 · Monk ×4
Match map
Initial resources + every placement click. Lines = walls · curves = elevation contours. ◆ gold · ⬟ stone · ● berries · ✦ relic · ◌ wall gap
Your base· Open — 11t gap
Karmax's base· Open — 2t gap
Smoothed initial terrain · ◌ = detected wall gap · hover for details
Inputs per minute
— 芝麻開門 - - Karmax
Build order — 芝麻開門
First 150 of 631 actions detected
| 0:00 | Create | Villager (Male) |
| 0:01 | Create | Villager (Male) |
| 0:01 | Create | Villager (Male) |
| 0:02 | Build | House |
| 0:04 | Build | House |
| 0:37 | Create | Villager (Male) |
| 1:28 | Create | Villager (Male) |
| 1:28 | Create | Villager (Male) |
| 1:51 | Build | Lumber Camp |
| 2:06 | Create | Villager (Male) |
| 2:16 | Create | Villager (Male) |
| 2:36 | Create | Villager (Male) |
| 3:13 | Create | Villager (Male) |
| 3:39 | Build | House |
| 3:44 | Create | Villager (Male) |
| 3:44 | Create | Villager (Male) |
| 4:12 | Create | Villager (Male) |
| 4:12 | Create | Villager (Male) |
| 4:13 | Create | Villager (Male) |
| 4:29 | Create | Villager (Male) |
| 5:09 | Create | Villager (Male) |
| 5:18 | Build | Barracks |
| 5:21 | Create | Villager (Male) |
| 5:31 | Create | Villager (Male) |
| 5:46 | Create | Villager (Male) |
| 5:55 | Build | House |
| 6:03 | Create | Villager (Male) |
| 6:13 | Create | Militia |
| 6:14 | Create | Militia |
| 6:22 | Research | Loom |
| 6:32 | Create | Villager (Male) |
| 7:09 | Create | Villager (Male) |
| 7:16 | Create | Villager (Male) |
| 7:17 | Create | Militia |
| 7:26 | Create | Villager (Male) |
| 7:50 | Create | Villager (Male) |
| 7:52 | Build | Mill |
| 8:23 | Research | Feudal Age |
| 8:52 | Build | Mining Camp |
| 9:43 | Build | Mill |
| 9:52 | Build | House |
| 9:59 | Create | Villager (Male) |
| 10:11 | Build | Farm |
| 10:33 | Age | Feudal Age |
| 10:41 | Build | Watch Tower |
| 10:43 | Create | Villager (Male) |
| 10:45 | Build | Farm |
| 10:47 | Research | Man-at-Arms (upgrade) |
| 10:49 | Build | Archery Range |
| 10:56 | Create | Villager (Male) |
| 11:03 | Build | Mining Camp |
| 11:21 | Create | Spearman |
| 11:27 | Create | Villager (Male) |
| 11:36 | Research | Double-Bit Axe |
| 11:36 | Research | Double-Bit Axe |
| 11:40 | Create | Archer |
| 11:40 | Create | Archer |
| 11:50 | Build | House |
| 12:04 | Create | Spearman |
| 12:11 | Build | Palisade Wall |
| 12:12 | Build | Palisade Wall |
| 12:14 | Build | Palisade Wall |
| 12:15 | Create | Villager (Male) |
| 12:18 | Build | House |
| 12:24 | Research | Town Watch |
| 12:25 | Create | Villager (Male) |
| 12:35 | Build | Farm |
| 12:41 | Create | Villager (Male) |
| 12:53 | Build | House |
| 12:59 | Create | Archer |
| 12:59 | Create | Archer |
| 13:14 | Create | Villager (Male) |
| 13:16 | Build | Farm |
| 13:38 | Build | Watch Tower |
| 13:40 | Create | Villager (Male) |
| 13:48 | Build | Farm |
| 13:50 | Create | Spearman |
| 14:03 | Create | Spearman |
| 14:07 | Build | Palisade Wall |
| 14:08 | Build | Palisade Wall |
| 14:11 | Build | Palisade Wall |
| 14:13 | Build | Palisade Wall |
| 14:14 | Build | Palisade Wall |
| 14:19 | Create | Archer |
| 14:30 | Build | Palisade Wall |
| 14:32 | Build | Palisade Wall |
| 14:39 | Build | Farm |
| 14:40 | Build | Farm |
| 14:40 | Create | Villager (Male) |
| 14:50 | Build | Palisade Wall |
| 14:51 | Build | Palisade Wall |
| 14:52 | Build | Palisade Wall |
| 14:55 | Create | Villager (Male) |
| 14:55 | Create | Villager (Male) |
| 14:59 | Build | Palisade Wall |
| 15:01 | Build | Palisade Wall |
| 15:15 | Build | Farm |
| 15:29 | Build | House |
| 15:34 | Create | Villager (Male) |
| 15:44 | Create | Archer |
| 15:44 | Create | Archer |
| 15:45 | Create | Villager (Male) |
| 15:47 | Build | Farm |
| 15:50 | Create | Villager (Male) |
| 15:53 | Build | Blacksmith |
| 16:04 | Create | Villager (Male) |
| 16:24 | Create | Archer |
| 16:28 | Create | Villager (Male) |
| 16:45 | Create | Villager (Male) |
| 16:58 | Build | Watch Tower |
| 17:05 | Create | Villager (Male) |
| 17:05 | Create | Villager (Male) |
| 17:46 | Create | Archer |
| 17:54 | Create | Villager (Male) |
| 17:55 | Build | House |
| 17:56 | Build | House |
| 17:59 | Research | Wheelbarrow |
| 18:29 | Create | Villager (Male) |
| 18:39 | Create | Villager (Male) |
| 18:50 | Research | Fletching |
| 19:11 | Create | Villager (Male) |
| 19:15 | Build | Barracks |
| 19:17 | Create | Militia |
| 19:34 | Build | Market |
| 19:37 | Build | Farm |
| 19:54 | Create | Archer |
| 19:56 | Create | Militia |
| 20:05 | Build | Watch Tower |
| 20:30 | Create | Villager (Male) |
| 20:32 | Create | Villager (Male) |
| 20:35 | Build | Farm |
| 20:36 | Build | Farm |
| 20:58 | Create | Villager (Male) |
| 21:01 | Build | Farm |
| 21:09 | Research | Scale Mail Armor |
| 21:10 | Create | Villager (Male) |
| 21:12 | Build | Farm |
| 21:28 | Create | Villager (Male) |
| 21:45 | Research | Arson |
| 22:07 | Build | Farm |
| 22:09 | Build | Farm |
| 22:12 | Build | House |
| 22:13 | Build | House |
| 22:15 | Build | Palisade Wall |
| 22:19 | Create | Villager (Male) |
| 22:28 | Build | Watch Tower |
| 22:43 | Build | Farm |
| 22:43 | Build | Farm |
| 22:46 | Build | Farm |
| 23:03 | Create | Villager (Male) |
Build order — Karmax
First 150 of 620 actions detected
| 0:00 | Create | Villager (Male) |
| 0:01 | Create | Villager (Male) |
| 0:01 | Create | Villager (Male) |
| 0:02 | Build | House |
| 0:02 | Build | House |
| 0:15 | Create | Villager (Male) |
| 0:16 | Create | Villager (Male) |
| 1:27 | Create | Villager (Male) |
| 1:51 | Build | Lumber Camp |
| 2:00 | Create | Villager (Male) |
| 2:16 | Create | Villager (Male) |
| 2:16 | Create | Villager (Male) |
| 2:46 | Create | Villager (Male) |
| 2:46 | Create | Villager (Male) |
| 3:09 | Create | Villager (Male) |
| 3:30 | Build | House |
| 3:40 | Create | Villager (Male) |
| 3:40 | Create | Villager (Male) |
| 4:12 | Create | Villager (Male) |
| 4:12 | Create | Villager (Male) |
| 4:12 | Create | Villager (Male) |
| 4:26 | Create | Villager (Male) |
| 4:27 | Create | Villager (Male) |
| 4:51 | Build | Mill |
| 5:11 | Create | Villager (Male) |
| 5:23 | Research | Loom |
| 6:39 | Build | House |
| 6:41 | Build | Palisade Wall |
| 6:44 | Build | House |
| 6:48 | Build | Palisade Wall |
| 6:49 | Build | Palisade Wall |
| 6:55 | Research | Feudal Age |
| 6:56 | Research | Feudal Age |
| 7:48 | Build | Palisade Wall |
| 8:06 | Build | Barracks |
| 8:47 | Create | Villager (Male) |
| 9:05 | Age | Feudal Age |
| 9:07 | Build | Stable |
| 9:10 | Create | Villager (Male) |
| 9:13 | Research | Double-Bit Axe |
| 9:38 | Create | Villager (Male) |
| 9:46 | Build | House |
| 9:52 | Create | Villager (Male) |
| 9:59 | Create | Scout Cavalry |
| 10:02 | Build | Pasture |
| 10:20 | Build | House |
| 10:26 | Build | House |
| 10:32 | Create | Scout Cavalry |
| 10:33 | Create | Scout Cavalry |
| 10:35 | Build | Pasture |
| 10:53 | Create | Villager (Male) |
| 10:53 | Create | Villager (Male) |
| 11:03 | Build | Pasture |
| 11:11 | Create | Villager (Male) |
| 11:27 | Create | Villager (Male) |
| 11:37 | Build | Pasture |
| 11:48 | Create | Scout Cavalry |
| 12:07 | Create | Villager (Male) |
| 12:36 | Create | Villager (Male) |
| 12:38 | Create | Scout Cavalry |
| 12:43 | Build | Lumber Camp |
| 12:50 | Create | Villager (Male) |
| 13:05 | Create | Villager (Male) |
| 13:33 | Build | Archery Range |
| 13:48 | Create | Villager (Male) |
| 13:49 | Create | Scout Cavalry |
| 13:53 | Create | Villager (Male) |
| 13:55 | Build | House |
| 14:16 | Create | Skirmisher |
| 14:17 | Create | Villager (Male) |
| 14:19 | Build | House |
| 14:26 | Create | Villager (Male) |
| 14:31 | Build | Pasture |
| 14:45 | Create | Villager (Male) |
| 14:54 | Build | Pasture |
| 15:13 | Build | Blacksmith |
| 15:14 | Create | Skirmisher |
| 15:27 | Create | Skirmisher |
| 15:30 | Create | Villager (Male) |
| 15:40 | Build | Mining Camp |
| 15:42 | Create | Villager (Male) |
| 15:46 | Create | Skirmisher |
| 15:55 | Build | Blacksmith |
| 15:59 | Create | Skirmisher |
| 16:04 | Build | Mining Camp |
| 16:07 | Research | Fletching |
| 16:08 | Research | Fletching |
| 16:10 | Create | Skirmisher |
| 16:12 | Create | Villager (Male) |
| 16:22 | Build | Pasture |
| 16:35 | Build | House |
| 16:38 | Create | Skirmisher |
| 16:39 | Create | Villager (Male) |
| 16:48 | Create | Skirmisher |
| 16:52 | Build | House |
| 17:12 | Create | Scout Cavalry |
| 17:38 | Create | Villager (Male) |
| 17:42 | Build | Pasture |
| 17:52 | Create | Scout Cavalry |
| 18:02 | Build | Pasture |
| 18:08 | Build | Pasture |
| 18:11 | Create | Skirmisher |
| 18:35 | Create | Villager (Male) |
| 18:47 | Build | Pasture |
| 18:56 | Create | Skirmisher |
| 18:59 | Build | House |
| 19:03 | Build | House |
| 19:19 | Create | Villager (Male) |
| 19:21 | Build | House |
| 19:26 | Build | Pasture |
| 19:29 | Build | Pasture |
| 19:29 | Create | Skirmisher |
| 19:34 | Build | Pasture |
| 19:40 | Research | Padded Archer Armor |
| 19:41 | Research | Padded Archer Armor |
| 19:48 | Create | Scout Cavalry |
| 20:04 | Create | Skirmisher |
| 20:11 | Create | Villager (Male) |
| 20:38 | Create | Villager (Male) |
| 20:40 | Build | Pasture |
| 20:42 | Build | Pasture |
| 21:01 | Create | Villager (Male) |
| 21:21 | Create | Villager (Male) |
| 21:28 | Create | Skirmisher |
| 21:32 | Create | Villager (Male) |
| 21:46 | Build | Market |
| 22:18 | Create | Villager (Male) |
| 22:23 | Research | Castle Age |
| 22:23 | Research | Castle Age |
| 22:26 | Create | Skirmisher |
| 22:36 | Create | Scout Cavalry |
| 23:02 | Create | Skirmisher |
| 23:06 | Create | Villager (Male) |
| 23:06 | Create | Villager (Male) |
| 23:07 | Create | Scout Cavalry |
| 23:22 | Create | Skirmisher |
| 23:28 | Build | Pasture |
| 23:32 | Build | Pasture |
| 23:34 | Research | Tech 1014 |
| 23:34 | Research | Tech 1014 |
| 23:44 | Build | Stable |
| 23:47 | Research | Scale Barding Armor |
| 23:50 | Research | Forging |
| 23:54 | Research | Scale Barding Armor |
| 23:56 | Create | Scout Cavalry |
| 24:02 | Create | Skirmisher |
| 24:06 | Build | Pasture |
| 24:50 | Create | Skirmisher |
| 24:54 | Build | House |
| 24:56 | Build | House |
Match timeline
| 5:18 | 芝麻開門 · first_building Barracks |
| 6:41 | Karmax · wall_segment Palisade Wall x3 |
| 6:48 | Karmax · wall_segment Palisade Wall x3 |
| 6:49 | Karmax · wall_segment Palisade Wall x1 |
| 7:48 | Karmax · wall_segment Palisade Wall x1 |
| 8:06 | Karmax · first_building Barracks |
| 9:05 | Karmax · age_up feudal |
| 9:07 | Karmax · first_building Stable |
| 10:33 | 芝麻開門 · age_up feudal |
| 10:49 | 芝麻開門 · first_building Archery Range |
| 12:11 | 芝麻開門 · wall_segment Palisade Wall x1 |
| 12:12 | 芝麻開門 · wall_segment Palisade Wall x1 |
| 12:14 | 芝麻開門 · wall_segment Palisade Wall x1 |
| 13:33 | Karmax · first_building Archery Range |
| 14:07 | 芝麻開門 · wall_segment Palisade Wall x1 |
| 14:08 | 芝麻開門 · wall_segment Palisade Wall x1 |
| 14:11 | 芝麻開門 · wall_segment Palisade Wall x1 |
| 14:13 | 芝麻開門 · wall_segment Palisade Wall x1 |
| 14:14 | 芝麻開門 · wall_segment Palisade Wall x1 |
| 14:30 | 芝麻開門 · wall_segment Palisade Wall x1 |
| 14:32 | 芝麻開門 · wall_segment Palisade Wall x1 |
| 14:50 | 芝麻開門 · wall_segment Palisade Wall x1 |
| 14:51 | 芝麻開門 · wall_segment Palisade Wall x1 |
| 14:52 | 芝麻開門 · wall_segment Palisade Wall x1 |
| 14:59 | 芝麻開門 · wall_segment Palisade Wall x1 |
| 15:01 | 芝麻開門 · wall_segment Palisade Wall x1 |
| 20:41 | 芝麻開門 · first_market_sell 500 wood |
| 20:44 | 芝麻開門 · first_market_buy 100 food |
| 22:15 | 芝麻開門 · wall_segment Palisade Wall x6 |
| 24:35 | 芝麻開門 · wall_segment Palisade Wall x9 |
| 25:04 | Karmax · age_up castle |
| 25:27 | 芝麻開門 · wall_segment Palisade Wall x2 |
| 25:54 | 芝麻開門 · wall_segment Palisade Wall x1 |
| 25:58 | 芝麻開門 · age_up castle |
| 26:07 | Karmax · first_market_sell 100 food |
| 26:08 | Karmax · first_market_buy 100 wood |
| 26:33 | 芝麻開門 · first_building Castle |
| 27:40 | 芝麻開門 · wall_segment Palisade Wall x1 |
| 27:42 | 芝麻開門 · wall_segment Palisade Wall x1 |
| 27:45 | 芝麻開門 · wall_segment Palisade Wall x1 |
| 27:46 | 芝麻開門 · wall_segment Palisade Wall x1 |
| 28:03 | 芝麻開門 · first_building Siege Workshop |
| 31:00 | Karmax · first_building Monastery |
| 38:13 | Karmax · first_building Castle |
| 40:14 | Karmax · age_up imperial |
| 42:57 | 芝麻開門 · first_building Monastery |
| 48:09 | 芝麻開門 · age_up imperial |
| 56:56 | 芝麻開門 · resign |
[ AI ANALYSIS · 1 CREDIT ]
What really happened in this match?
Wolo.gg analyzes every decision: build order, eco, micro, common mistakes by bracket. Personalized analysis on WhatsApp or Discord in 30 seconds.
Civ guide
Dravidians
Perfil
芝麻開門